Match 46723994
Unlisted

Match 46723994
End
Vickers Machine Gun Team
Construct Section Command Post
Selects Canadian Shock Battlegroup
Infantry Section
Vickers Machine Gun Team
Infantry Section
Construct Field Infirmary
Selects Attacking Spirit
Selects Canadian Shock Section
Grenade Package
Canadian Shock Section
Selects Incendiary Munitions
Construct Platoon Command Post
Unlock Bishop Self-propelled Artillery
Bishop Self-propelled Artillery
Light Vehicle Training
Bishop Self-propelled Artillery
Selects Pyrotechnics
Construct Company Command Post
Foot Guards Section
Matilda II Heavy Tank
Armored Vehicle Training
Selects Churchill Crocodile Heavy Tank
Royal Engineer Section
Churchill Crocodile Heavy Tank
Selects Smoke Operation
sewage bill
TeamSpeakUser
LITTLE TRICKSTER
Da Cracka Whacka
Kit
DaBadMan331
foxinsox00
Pagliarini
0
0

Comments sign in to comment!

No comments posted yet!